 Dungeon Crawl Stone Soup version 0.26-a0-670-g578ab304f5 (webtiles) character file.

Game seed: 539841868296431540

158029 ANON1729 the Bringer of Law (level 17, -5/158 HPs)
             Began as a Minotaur Fighter on Oct 19, 2020.
             Was the Champion of Zin.
             Killed from afar by a fire dragon (34 damage)
             ... with a blast of flame
             ... on level 2 of the Elven Halls.
             The game lasted 00:50:23 (34706 turns).

ANON1729 the Bringer of Law (Minotaur Fighter)     Turns: 34706, Time: 00:50:23

Health: -5/158     AC: 26    Str: 32    XL:     17   Next: 13%
Magic:  28/28      EV:  9    Int:  5    God:    Zin [******]
Gold:   2881       SH: 15    Dex: 12    Spells: 15/16 levels left

rFire    . . .     SeeInvis .   b - +4 scimitar (flame)
rCold    . . .     Faith    +   c - +0 kite shield
rNeg     + . .     Spirit   .   S - +5 chain mail of Protective Custody {rPois rN+ Dex+4}
rPois    +         Reflect  .   P - +2 hat "Xammuts" {Rampage rElec Dex-4 Slay+5}
rElec    +         Harm     .   (no cloak)
rCorr    .         Rampage  +   T - +1 pair of gloves {archery}
MR       ++...                  M - +1 pair of boots
Stlth    ..........             F - amulet of faith
HPRegen  0.36/turn              l - ring of protection from magic
MPRegen  0.21/turn              L - +6 ring of strength

@: no status effects
A: retaliatory headbutt, horns 2
a: Recite, Vitalisation, Imprison, Sanctuary, Donate Gold, Renounce Religion


You were on level 2 of the Elven Halls.
You worshipped Zin.
Zin was exalted by your worship.
You visited 5 branches of the dungeon, and saw 26 of its levels.
You also visited: Gauntlet.

You collected 3130 gold pieces.
You spent 72 gold pieces at shops.
You donated 177 gold pieces to Zin.

Inventory:

Hand Weapons
 b - a +4 scimitar of flaming (weapon)
Missiles
 R - 16 javelins (quivered)
Armour
 c - a +0 kite shield (worn)
 M - a +1 pair of boots (worn)
 P - the +2 hat "Xammuts" (worn) {Rampage rElec Dex-4 Slay+5}
   (You found it in a Gauntlet)

   It affects your dexterity (-4).
   It affects your accuracy and damage with ranged weapons and melee attacks
   (+5).
   It insulates you from electricity.
   It bestows one free step when moving towards enemies.
 S - the +5 chain mail of Protective Custody (worn) {rPois rN+ Dex+4}
   (You took it off a minotaur in a Gauntlet)

   It affects your dexterity (+4).
   It protects you from poison.
   It protects you from negative energy.
 T - a +1 pair of gloves of archery (worn)
 U - the +0 hat of Tout {rF+ rC+}
   (You found it on level 12 of the Dungeon)

   It protects you from fire.
   It protects you from cold.
Jewellery
 l - a ring of protection from magic (left hand)
 q - an uncursed ring of protection from fire
 s - an uncursed ring of positive energy
 D - an uncursed ring of flight
 F - an amulet of faith (around neck)
 L - a +6 ring of strength (right hand)
 Q - an uncursed amulet of the acrobat
Wands
 a - a wand of acid (16)
 d - a wand of disintegration (12)
 z - a wand of digging (10)
 A - a wand of flame (96)
 J - a wand of paralysis (15)
 N - a wand of iceblast (10)
Scrolls
 e - 12 scrolls of remove curse
 g - a scroll of silence
 h - 5 scrolls of magic mapping
 i - 5 scrolls of enchant weapon
 n - 2 scrolls of noise
 o - 4 scrolls of identify
 r - 2 scrolls of fear
 t - 5 scrolls of fog
 y - 4 scrolls of teleportation
 C - 4 scrolls of immolation
 E - a scroll of enchant armour
 G - 4 scrolls of blinking
 H - 3 scrolls of amnesia
 X - a scroll of vulnerability
Potions
 f - 4 potions of brilliance
 j - 5 potions of stabbing
 k - a potion of invisibility {unknown}
 m - 4 potions of magic
 p - a potion of experience {unknown}
 u - 5 potions of heal wounds
 v - 16 potions of ambrosia
 x - 4 potions of mutation
 B - 8 potions of curing
 K - 5 potions of flight
 O - a potion of cancellation {unknown}
 W - 2 potions of might
 Z - 3 potions of haste
Miscellaneous
 Y - a phial of floods (inert)


   Skills:
 + Level 15.8 Fighting
 + Level 15.7 Long Blades
 + Level 15.9 Armour
 + Level 15.7 Shields
 * Level 16.0 Invocations


You had 15 spell levels left.
You knew the following spells:

 Your Spells              Type           Power        Failure   Level
a - Apportation           Tloc           #.....       83%         1

Your spell library contained the following spells:

 Spells                   Type           Power        Failure   Level
 Animate Skeleton         Necr           #.....       83%         1
 Beastly Appendage        Tmut           #.....       83%         1
 Corona                   Hex            #......      83%         1
 Sting                    Tmut/Pois      #...         83%         1
 Summon Small Mammal      Summ           #...         83%         1
 Corpse Rot               Necr/Air       N/A          93%         2
 Ensorcelled Hibernation  Hex/Ice        #.....       93%         2
 Poisonous Vapours        Pois/Air       #.....       93%         2
 Wereblood                Tmut           #.......     93%         2
 Confusing Touch          Hex            #.......     99%         3
 Dazzling Flash           Conj/Hex       #.....       99%         3
 Ignite Poison            Fire/Tmut/Pois #.......     99%         3
 Mephitic Cloud           Conj/Pois/Air  #.......     99%         3
 Spider Form              Tmut/Pois      #.........   99%         3
 Tukima's Dance           Hex            #.......     99%         3
 Vampiric Draining        Necr           #.........   99%         3
 Ice Form                 Ice/Tmut       #.......     100%        4
 Olgreb's Toxic Radiance  Pois           #.......     100%        4
 Blade Hands              Tmut           #.........   100%        5
 Bolt of Magma            Conj/Fire/Erth #.........   100%        5
 Borgnjor's Vile Clutch   Necr/Erth      #.........   100%        5
 Excruciating Wounds      Necr           #.........   100%        5
 Fireball                 Conj/Fire      #.........   100%        5
 Iskenderun's Battlesphe  Conj           #.......     100%        5
 Iron Shot                Conj/Erth      #.........   100%        6
 Starburst                Conj/Fire      #.........   100%        6
 Orb of Destruction       Conj           #.........   100%        7
 Spellforged Servitor     Conj/Summ      #.........   100%        7
 Ignition                 Fire           #.........   100%        8


Dungeon Overview and Level Annotations

Branches:
Dungeon (15/15)            Temple (1/1) D:5            Lair (6/6) D:11
 Shoals (0/4) Lair:3       Spider (0/4) Lair:4        Slime (0/5) Lair:6
    Orc (2/2) D:12            Elf (2/3) Orc:2        Vaults (0/5) D:14
 Depths (0/5) D:15        Gauntlet (visited)

Altars:
Ashenzari
Cheibriados
Dithmenos
Elyvilon
Fedhas
Gozag
Hepliaklqana
Kikubaaqudgha
Makhleb
Nemelex Xobeh
Okawaru
Qazlal
Ru
Sif Muna
Trog
Uskayaw
Vehumet
Wu Jian
Xom
Yredelemnul
Zin
The Shining One
Beogh

Shops:
D:7 ?   D:14 !   Orc:2 =}(?*   Elf:1 }

Annotations:
Lair:1 exclusion: oklob plant
Lair:3 exclusion: 4 oklob plants


Innate Abilities, Weirdness & Mutations

You reflexively headbutt those who attack you in melee.
You have a pair of horns on your head.


Message History

You burn the five-headed hydra.
Your headbutt misses the five-headed hydra.
The five-headed hydra is heavily wounded.
Something hits the sphinx!
The five-headed hydra closely misses you.
The five-headed hydra barely misses you.
You block the five-headed hydra's attack.
The five-headed hydra bites you but does no damage.
You block the five-headed hydra's attack.
You chop one of the five-headed hydra's heads off!
The flame cauterises the wound!
You slice the four-headed hydra!! You burn the four-headed hydra!
The four-headed hydra is almost dead.
You slice one of the four-headed hydra's heads off!
The flame cauterises the wound!
You slash the three-headed hydra! You burn the three-headed hydra.
You kill the three-headed hydra!
The fire dragon breathes flames at you. The blast of flame hits you!!
You die...

##### #### ##...##########
.....
#####.....'....@)D##..e...
'...'..)..##..###H)'.....#
.#..'.....###.# #.HH....##
..''#.....###'####.#...##
...............#######'#
.>..............# #
........))......#
.#######)#......#
#.....#(#......#


You could see a fire dragon (catching breath), 2 sphinxes and a manticore.

Vanquished Creatures
  Jorgrun (Orc:1)
  Gastronok (D:12)
  Donald (Orc:2)
  An orc warlord (Orc:1)
  A stone giant (Orc:2)
  A deep elf annihilator (Elf:2)
  A minotaur (Gauntlet)
  The ghost of brujo666 the Impaler, a journeyman HOFi of Okawaru (Orc:2)
  4 dire elephants (Lair:6)
  2 ettins
  A deep elf death mage (Elf:1)
  Josephine (Orc:1)
  A yaktaur captain (D:15)
  Erolcha (Orc:2)
  Fannar (D:12)
  9 hydras
  8 vault guards (D:14)
  A catoblepas (D:13)
  A rakshasa (D:15)
  An anaconda (Lair:6)
  5 boulder beetles
  5 centaur warriors
  Erica (D:8)
  7 two-headed ogres
  5 dancing weapons
  The ghost of ANON1729 the Zephyrmancer, a journeyman BaAE of Vehumet (D:11)
  An ogre mage (D:15)
  A tengu warrior (D:13)
  10 death yaks
  Urug (D:11)
  3 orc high priests (Orc:2)
  12 deep elf knights
  An unseen horror (D:15)
  A wizard (D:14)
  14 deep elf archers
  An obsidian statue (Orc:2)
  A lindwurm (Lair:5)
  2 large abominations (Elf:1)
  5 orc knights (Orc:2)
  A harpy (shapeshifter) (Elf:1)
  2 necromancers (Elf:1)
  23 deep elf magi
  6 orc sorcerers
  15 ugly things
  3 cyclopes
  5 manticores
  5 black mambas
  Maurice (Orc:2)
  A merfolk siren (Lair:3)
  17 elephants
  5 centaur skeletons
  Joseph (D:10)
  10 cane toads
  3 gargoyles
  A minotaur zombie (Gauntlet)
  3 kobold demonologists
  A torpor snail (Lair:4)
  A yaktaur (D:15)
  3 rime drakes
  An efreet (D:14)
  4 guardian mummies (D:14)
  6 trolls
  4 komodo dragons
  2 queen bees (Lair:3)
  3 meliai (Gauntlet)
  A tengu conjurer (D:13)
  A polar bear (Lair:2)
  A hornet (D:12)
  A jumping spider (shapeshifter) (D:13)
  A harpy skeleton (D:15)
  27 blink frogs
  A slime creature (Lair:5)
  4 dream sheep (Lair:6)
  An air elemental (Elf:1)
  A shadow (D:13)
  9 wyverns
  Sigmund (D:6)
  4 wraiths
  66 yaks
  A fire bat (shapeshifter) (Elf:2)
  Eustachio (D:6)
  A fire elemental (Elf:1)
  4 basilisks
  A steam dragon (Lair:3)
  A warg (Orc:2)
  2 vampire mosquitoes (D:13)
  2 acid dragons
  A soldier ant (D:9)
  3 hell hounds (Elf:2)
  12 water moccasins
  Duvessa (D:5)
  9 ice beasts
  5 black bears
  26 orc warriors
  4 sky beasts
  A phantom (D:6)
  8 ogres
  22 wolves
  16 centaurs
  5 big kobolds
  5 elf zombies (Elf:1)
  23 bullfrogs
  A gnoll sergeant (Orc:2)
  2 earth elementals
  Dowan (D:5)
  9 scorpions
  A water moccasin skeleton (D:9)
  7 wights (D:11)
  90 killer bees
  11 howler monkeys
  3 electric eels (Lair:6)
  2 centaur zombies
  5 hounds
  3 bullfrog skeletons
  A bullfrog zombie (D:12)
  A gnoll shaman (Orc:2)
  26 orc priests
  17 jellies
  20 orc wizards
  An iguana (D:9)
  2 hell rats (Elf:2)
  15 worker ants
  A hound zombie (D:6)
  4 mummies (D:14)
  A worker ant zombie (D:11)
  Robin (D:2)
  9 gnolls
  11 adders
  A shadow imp (D:6)
  3 white imps
  2 ufetubi
  14 oozes
  4 worms
  A dart slug (D:3)
  4 leopard geckos
  106 orcs
  A ball python (D:1)
  5 giant cockroaches
  12 hobgoblins
  3 jackals (D:6)
  3 quokkas
  5 bats (D:2)
  5 frilled lizards
  13 goblins
  A jackal zombie (D:7)
  23 kobolds
  2 leopard gecko skeletons
  4 rats
  2 pillars of salt (Elf:2)
  A plant (Lair:6)
976 creatures vanquished.

Vanquished Creatures (others)
  A deep elf knight (Elf:2)
  91 fungi
  A pillar of salt (Orc:2)
  87 plants
180 creatures vanquished.

Grand Total: 1156 creatures vanquished

Notes
Turn   | Place    | Note
-------+----------+-------------------------------------------
     0 | D:1      | ANON1729 the Minotaur Fighter began the quest for the Orb.
     0 | D:1      | Reached XP level 1. HP: 19/19 MP: 0/0
   290 | D:1      | Reached XP level 2. HP: 26/27 MP: 1/1
   890 | D:2      | Reached XP level 3. HP: 31/33 MP: 2/2
   963 | D:2      | Noticed Robin
   995 | D:2      | Killed Robin
  1097 | D:2      | Reached XP level 4. HP: 38/41 MP: 3/3
  1129 | D:2      | Found a sacrificial altar of Ru.
  1131 | D:2      | Found a broken altar of Ashenzari.
  1486 | D:2      | Reached XP level 5. HP: 47/47 MP: 4/4
  1751 | D:3      | Found a bloodstained altar of Trog.
  2152 | D:3      | Found a glowing golden altar of the Shining One.
  2152 | D:3      | Found an iron altar of Okawaru.
  2565 | D:4      | Reached skill level 5 in Fighting
  2565 | D:4      | Reached skill level 5 in Armour
  2565 | D:4      | Reached skill level 5 in Shields
  2702 | D:4      | Reached XP level 6. HP: 46/56 MP: 5/5
  3366 | D:4      | Reached skill level 5 in Long Blades
  3366 | D:4      | Reached XP level 7. HP: 28/62 MP: 6/6
  3607 | D:5      | Entered Level 5 of the Dungeon
  3646 | D:5      | Found a staircase to the Ecumenical Temple.
  3655 | Temple   | Entered the Ecumenical Temple
  4323 | D:5      | Found a hazy altar of Hepliaklqana.
  4377 | D:5      | Found a white marble altar of Elyvilon.
  4540 | D:5      | Noticed Duvessa
  4540 | D:5      | Noticed Dowan
  4591 | D:5      | Killed Duvessa
  4600 | D:5      | Killed Dowan
  4600 | D:5      | Reached XP level 8. HP: 12/71 MP: 7/7
  5427 | D:6      | Found a shimmering blue altar of Sif Muna.
  5448 | D:6      | Noticed Eustachio
  5485 | D:6      | Killed Eustachio
  5762 | D:6      | Found a basalt altar of Yredelemnul.
  5762 | D:6      | Identified the +2 war axe of Judgement {venom, *Drain *Slow
                  | rC+ Dex+8}
  5879 | D:6      | Found a shadowy altar of Dithmenos.
  5966 | D:6      | Noticed Sigmund
  5973 | D:6      | Killed Sigmund
  6233 | D:7      | Reached XP level 9. HP: 45/81 MP: 8/8
  6775 | D:7      | Found Xitoated's Magic Scroll Boutique.
  6820 | D:7      | Bought a scroll of identify for 24 gold pieces
  6820 | D:7      | Bought a scroll of random uselessness for 12 gold pieces
  6820 | D:7      | Bought a scroll of remove curse for 36 gold pieces
  7093 | D:7      | Got a bloodstained scale mail
  7104 | D:7      | Identified the +4 scale mail "Hero's Friend" {MR+} (You
                  | found it on level 7 of the Dungeon)
  7417 | D:7      | Noticed an angel
  7418 | D:7      | Found a glowing silver altar of Zin.
  7418 | D:7      | Found a shimmering altar of Xom.
  7426 | D:7      | Became a worshipper of Zin the Law-Giver
  7426 | D:7      | Reached * piety under Zin
  7426 | D:7      | Reached ** piety under Zin
  7781 | D:8      | Noticed Erica
  7799 | D:8      | Killed Erica
  8064 | D:8      | Reached *** piety under Zin
  8117 | D:8      | Found an opulent altar of Gozag.
  8252 | D:9      | Found a stormy altar of Qazlal.
  8323 | D:9      | Reached skill level 1 in Invocations
  8392 | D:9      | Found an ornate altar of the Wu Jian Council.
  8522 | D:9      | Noticed a centaur warrior
  8522 | D:9      | Noticed a cyan ugly thing
  8526 | D:9      | Noticed a boulder beetle
  8531 | D:9      | Killed a cyan ugly thing
  8531 | D:9      | Reached skill level 2 in Invocations
  8531 | D:9      | Reached XP level 10. HP: 24/91 MP: 10/10
  8538 | D:9      | Killed a centaur warrior
  8538 | D:9      | Reached skill level 3 in Invocations
  8900 | D:9      | Killed a boulder beetle
  8900 | D:9      | Reached skill level 4 in Invocations
  9090 | D:9      | Reached **** piety under Zin
  9197 | D:9      | Reached ***** piety under Zin
  9592 | D:9      | Found an opulent altar of Gozag.
  9810 | D:9      | Reached skill level 10 in Armour
  9993 | D:10     | Entered Level 10 of the Dungeon
  9993 | D:10     | Noticed Joseph
 10056 | D:10     | Killed Joseph
 10056 | D:10     | Reached skill level 10 in Shields
 10058 | D:10     | Got an encrusted mace
 10062 | D:10     | Reached skill level 5 in Invocations
 10072 | D:10     | Reached skill level 10 in Fighting
 10647 | D:10     | Noticed a two-headed ogre
 11022 | D:10     | Reached XP level 11. HP: 91/100 MP: 14/14
 11209 | D:10     | Reached skill level 10 in Long Blades
 11249 | D:10     | Reached skill level 6 in Invocations
 11386 | D:10     | Killed a two-headed ogre
 12060 | D:11     | Found a gate leading to a gauntlet.
 12066 | Gauntlet | Entered a Gauntlet
 12066 | Gauntlet | Found a transporter.
 12075 | Gauntlet | Found a transporter.
 12075 | Gauntlet | Noticed a death scarab
 12076 | Gauntlet | Found a runed translucent door.
 12077 | Gauntlet | Noticed a death scarab
 12084 | Gauntlet | Found a runed translucent door.
 12087 | Gauntlet | Found a transporter.
 12091 | Gauntlet | Found a transporter.
 12093 | Gauntlet | Found a large runed translucent door.
 12093 | Gauntlet | Found a large runed translucent door.
 12094 | Gauntlet | Found a large runed translucent door.
 12095 | Gauntlet | Found a large runed translucent door.
 12095 | Gauntlet | Found a large runed translucent door.
 12095 | Gauntlet | Found a runed translucent door.
 12096 | Gauntlet | Found a large runed translucent door.
 12097 | Gauntlet | Found a large runed translucent door.
 12098 | Gauntlet | Found a large runed translucent door.
 12098 | Gauntlet | Found a large runed translucent door.
 12099 | Gauntlet | Found a runed translucent gate.
 12099 | Gauntlet | Noticed a death scarab
 12100 | Gauntlet | Noticed a death scarab
 12107 | Gauntlet | Found a runed translucent gate.
 12107 | Gauntlet | Found a transporter.
 12108 | Gauntlet | Found a runed translucent gate.
 12108 | Gauntlet | Found a runed translucent door.
 12110 | Gauntlet | Found a large runed translucent door.
 12110 | Gauntlet | Found a large runed translucent door.
 12111 | Gauntlet | Found a large runed translucent door.
 12112 | Gauntlet | Found a large runed translucent door.
 12121 | Gauntlet | Found a large runed translucent door.
 12121 | Gauntlet | Found a large runed translucent door.
 12121 | Gauntlet | Found a transporter.
 12122 | Gauntlet | Found a large runed translucent door.
 12124 | Gauntlet | Found a transporter.
 12128 | Gauntlet | Found a transporter.
 12151 | Gauntlet | Found a transporter.
 12154 | Gauntlet | Noticed a death drake
 12168 | Gauntlet | Found a transporter.
 12180 | Gauntlet | Found a transporter.
 12193 | Gauntlet | Noticed a death ooze
 12196 | Gauntlet | Found a transporter.
 12358 | Gauntlet | Got a smoking hat
 12376 | Gauntlet | Identified the +2 hat "Xammuts" {Rampage rElec Dex-4
                  | Slay+5} (You found it in a Gauntlet)
 12753 | Gauntlet | Identified the +5 chain mail of Protective Custody {rPois
                  | rN+ Dex+4}
 12753 | Gauntlet | Noticed a minotaur
 12756 | Gauntlet | Noticed a necromancer
 12774 | Gauntlet | Killed a minotaur
 12774 | Gauntlet | Reached skill level 7 in Invocations
 13135 | D:11     | Found a sacrificial altar of Ru.
 13234 | D:11     | Noticed a two-headed ogre
 13239 | D:11     | Killed a two-headed ogre
 13581 | D:11     | Reached skill level 8 in Invocations
 13773 | D:11     | Noticed Urug
 13781 | D:11     | Reached XP level 12. HP: 110/110 MP: 17/17
 13804 | D:11     | Killed Urug
 13900 | D:11     | Found a staircase to the Lair.
 14000 | D:11     | Found an ornate altar of the Wu Jian Council.
 14119 | D:11     | Found a large runed translucent door.
 14119 | D:11     | Noticed ANON1729's ghost (journeyman BaAE)
 14121 | D:11     | Found a large runed translucent door.
 14254 | D:11     | Killed ANON1729's ghost
 14254 | D:11     | Reached skill level 9 in Invocations
 14304 | D:12     | Noticed a boulder beetle
 14313 | D:12     | Killed a boulder beetle
 14533 | D:12     | Noticed Gastronok
 14540 | D:12     | Killed Gastronok
 14583 | D:12     | Got a buzzing hat
 14594 | D:12     | Identified the cursed +0 hat of Tout {rF+ rC+} (You found
                  | it on level 12 of the Dungeon)
 14614 | D:12     | Noticed Fannar
 14637 | D:12     | Killed Fannar
 14764 | D:12     | Found a sparkling altar of Nemelex Xobeh.
 14775 | D:12     | Noticed a centaur warrior
 14784 | D:12     | Killed a centaur warrior
 14884 | D:12     | Found a staircase to the Orcish Mines.
 14896 | D:12     | Found a roughly hewn altar of Beogh.
 15201 | D:12     | Reached skill level 10 in Invocations
 15539 | D:13     | Noticed a boulder beetle
 15547 | D:13     | Killed a boulder beetle
 15550 | D:13     | Noticed a catoblepas
 15578 | D:13     | Killed a catoblepas
 15578 | D:13     | Reached XP level 13. HP: 60/118 MP: 19/19
 15976 | D:13     | Reached ****** piety under Zin
 16577 | Lair:1   | Entered Level 1 of the Lair of Beasts
 17618 | Lair:2   | Reached skill level 11 in Invocations
 17787 | Lair:2   | You fall into a shaft and drop 1 floor!
 19507 | Lair:3   | Reached XP level 14. HP: 129/129 MP: 21/21
 19852 | Lair:3   | Reached skill level 12 in Invocations
 20618 | Lair:3   | Found a staircase to the Shoals.
 20978 | Lair:3   | Learned a level 1 spell: Apportation
 21023 | Lair:3   | Got an encrusted cloak
 21034 | Lair:3   | Identified the +2 cloak of Whack-A-Mole {MR++ Dex+3 Slay-6}
                  | (You found it on level 3 of the Lair of Beasts)
 21165 | Lair:4   | You fall into a shaft and drop 1 floor!
 22627 | Lair:4   | Found a hole to the Spider Nest.
 22651 | Lair:4   | Reached skill level 13 in Invocations
 23586 | Lair:6   | Entered Level 6 of the Lair of Beasts
 23586 | Lair:6   | Found a staircase to the Slime Pits.
 24185 | Lair:6   | Reached XP level 15. HP: 138/138 MP: 24/24
 25275 | D:14     | Found a gate to the Vaults.
 26219 | D:14     | Found a snail-covered altar of Cheibriados.
 26275 | D:14     | Found Guvvoim's Distillery.
 26806 | D:14     | Reached skill level 14 in Invocations
 26912 | D:15     | Entered Level 15 of the Dungeon
 27431 | D:15     | Found a shimmering blue altar of Sif Muna.
 27555 | D:15     | Found a staircase to the Depths.
 28623 | Orc:1    | Entered Level 1 of the Orcish Mines
 28643 | Orc:1    | Noticed an orc warlord
 28652 | Orc:1    | Reached skill level 15 in Armour
 28652 | Orc:1    | Reached XP level 16. HP: 132/147 MP: 25/25
 29254 | Orc:1    | Noticed Jorgrun
 29266 | Orc:1    | Killed Jorgrun
 29551 | Orc:1    | Noticed Josephine
 29560 | Orc:1    | Killed Josephine
 29567 | Orc:1    | Reached skill level 15 in Fighting
 29673 | Orc:2    | Entered Level 2 of the Orcish Mines
 29681 | Orc:2    | Noticed Maurice
 29710 | Orc:2    | Killed Maurice
 29756 | Orc:2    | Reached skill level 15 in Shields
 30027 | Orc:2    | Noticed Erolcha
 30030 | Orc:2    | Noticed Donald
 30042 | Orc:2    | Killed Donald
 30045 | Orc:2    | Killed Erolcha
 30045 | Orc:2    | Reached skill level 15 in Invocations
 30443 | Orc:2    | Found a staircase to the Elven Halls.
 30835 | Orc:2    | Reached skill level 15 in Long Blades
 31302 | Orc:2    | Found a runed translucent gate.
 31303 | Orc:2    | Found a runed translucent gate.
 31304 | Orc:2    | Found a runed translucent gate.
 31305 | Orc:2    | Found an opulent altar of Gozag.
 31306 | Orc:2    | Noticed brujo666's ghost (journeyman HOFi)
 31308 | Orc:2    | Found Faamel's Assorted Antiques.
 31424 | Orc:2    | Found Xesourru's Jewellery Boutique.
 31424 | Orc:2    | Found Zorovaf's Magic Scroll Emporium.
 31425 | Orc:2    | Found Yptocair's Gadget Boutique.
 31425 | Orc:2    | Found Fibatirr's Antique Weapon Emporium.
 31582 | Orc:2    | Killed brujo666's ghost
 31793 | Elf:1    | Entered Level 1 of the Elven Halls
 32270 | Elf:1    | Identified the Grimoire of Evil
 32349 | Elf:1    | Found Leysouto's Gadget Emporium.
 34246 | Elf:2    | Reached XP level 17. HP: 91/157 MP: 27/27
 34690 | Elf:2    | Reached skill level 16 in Invocations
 34706 | Elf:2    | Killed from afar by a fire dragon

Illustrated notes

Levels and vault maps discovered:
D:1:      psy_arrival_terrarium, layout_basic
D:2:      layout_basic, nicolae_overflow_hidden_temple, minmay_pentomino_p2,
          uniq_robin
D:3:      layout_basic, gammafunk_temple_overflow_elements, trog_book
D:4:      layout_basic
D:5:      layout_loops_ring, kennysheep_little_box, elyvilon_altar_5,
          minmay_temple_entry_butterflies, minmay_tree_intersection,
          supply_closet_lemuel, kennysheep_cross_bottleneck, uniq_duvessa
D:6:      layout_basic, kennysheep_mini, nicolae_overflow_crystal_walls,
          basic_altar, uniq_sigmund, uniq_eustachio
D:7:      layout_layer_cave, grunt_temple_overflow_order_and_chaos_1,
          serial_shops, shop, minmay_misc_feat_alley,
          kennysheep_decorative_pillar
D:8:      layout_basic, basic_altar, uniq_erica
D:9:      layout_loops_ring, lemuel_round_altar, marbit_many_paths,
          lemuel_crystal_altar, hangedman_decor_opposing, minmay_the_grid_2x2
          [minmay_the_grid_box_x, minmay_the_grid_zigzag_pyramid,
          minmay_the_grid_aliased_spiral, minmay_the_grid_prize_big_room]
D:10:     layout_big_octagon, uniq_joseph
D:11:     layout_roguey, due_lair_maze_entry_diamond, basic_altar,
          gauntlet_entry_generic, ebering_ghost_disaster_area,
          nicolae_ru_the_path_less_chosen, uniq_urug
D:12:     layout_rooms, minmay_orc_entry_temple_small, lemuel_tele_altar,
          uniq_fannar, uniq_gastronok
D:13:     layout_loops_corners
D:14:     layout_long_grid, erik_vaults_2, cheibriados_altar_1, serial_shops,
          nicolae_shop_crystal, minmay_guarded_unrand_curses
D:15:     grunt_enter_depths_snipers, layout_gridville, kennysheep_flooded_box
Temple:   compressed_dpeg_triangle_lava_temple
Lair:1:   layout_small_grid, grunt_forest_small_clearings,
          minmay_lair_oklob_chamber
Lair:2:   layout_regular_city
Lair:3:   hangedman_what_comes_after_a, layout_cave_pods,
          elwin_shoals_entry_rooms, special_room [special_room_bee]
Lair:4:   beast_lair_carwin_large_4, layout_regular_city,
          nicolae_spider_entry_non_spiders
Lair:5:   lemuel_slime, layout_misc_corridors
Lair:6:   due_jungle_book, layout_misc_corridors, slime_dummy,
          nicolae_quartered_pool_little, chequers_serial_rivers_marsh,
          infiniplex_staircase_pool
Orc:1:    layout_caves, uniq_josephine, uniq_jorgrun
Orc:2:    grunt_orc_tribal_feast, layout_caves, ebering_ghost_gozag,
          uniq_donald, uniq_maurice, uniq_erolcha
Elf:1:    layout_loops_ring, serial_shops, nicolae_shop_crystal,
          minmay_elf_necromancy, fountainhead, grunt_megastairs_3
Elf:2:    layout_gridlike, special_room [special_room_mythical_zoo],
          serial_shops, shop_coins, library_closet, minmay_misc_feat_ornament

Skill      XL: |  1  2  3  4  5  6  7  8  9 10 11 12 13 14 15 16 17 |
---------------+----------------------------------------------------+-----
Fighting       | 4 5 6 7 9 10 11 12 13 14 15 | 15.8
Long Blades    | 3 4 5 6 7 8 9 10 11 12 13 14 15 | 15.7
Armour         | 4 5 6 7 9 10 11 12 13 14 15 | 15.9
Shields        | 4 5 6 7 9 10 11 12 13 14 15 | 15.7
Invocations    | 2 5 8 10 11 13 14 15 16 | 16.0

Action                   |  1- 3 |  4- 6 |  7- 9 | 10-12 | 13-15 | 16-18 || total
-------------------------+-------+-------+-------+-------+-------+-------++-------
Melee: Long sword        |    77 |   156 |   272 |       |       |       ||   505
       Headbutt          |    16 |    24 |    71 |   127 |   392 |   155 ||   785
       Scimitar          |       |       |    41 |   564 |  1289 |   598 ||  2492
Throw: Javelin           |       |       |       |       |    11 |       ||    11
 Cast: Apportation       |       |       |       |       |    11 |       ||    11
Invok: Vitalisation      |       |       |       |     1 |     3 |       ||     4
       Sanctuary         |       |       |       |     1 |       |       ||     1
       Recite            |       |       |       |     2 |     1 |     6 ||     9
Evoke: Wand              |       |       |     3 |     2 |     4 |     3 ||    12
       Phial of floods   |       |       |       |       |       |     2 ||     2
  Use: Potion            |       |       |     1 |     2 |     2 |       ||     5
       Scroll            |       |       |     6 |    15 |     9 |       ||    30
 Stab: Paralysed         |       |       |       |       |       |    18 ||    18
       Confused          |       |       |       |       |       |     1 ||     1
       Invisible         |       |       |       |       |       |     1 ||     1
Armor: Scale mail        |    36 |    48 |   153 |   200 |       |       ||   437
       Skin              |       |       |     5 |       |       |       ||     5
       Chain mail        |       |       |       |   209 |   733 |   223 ||  1165
Dodge: Dodged            |    29 |    46 |   108 |   262 |   371 |   127 ||   943
Block: Kite shield       |    41 |    86 |   232 |   492 |   881 |   359 ||  2091
       Rpst.: Long sword |     9 |    14 |    23 |       |       |       ||    46
       Scimitar          |       |       |     4 |    54 |    96 |    17 ||   171

Table legend: (Time is in decaauts)
 A = Elapsed time spent in this place.
 B = Non-inter-level travel time spent in this place.
 C = Inter-level travel time spent in this place.
 D = Time resting spent in this place.
 E = Time spent auto-exploring this place.
 F = Levels seen in this place.
 G = Mean time per level.
                   A        B        C        D        E       F      G
               +--------+--------+--------+--------+--------+-----+--------+
         Total |  34347 |  33120 |   1227 |   8487 |  19248 |  27 | 1272.1 |
       Dungeon |  18870 |  18156 |    714 |   3938 |  11499 |  15 | 1258.0 |
        Temple |    258 |    254 |      4 |      0 |    254 |   1 |  258.0 |
          Lair |   8468 |   8126 |    342 |   1653 |   5041 |   6 | 1411.3 |
  Orcish Mines |   2837 |   2716 |    121 |   1240 |    994 |   2 | 1418.5 |
   Elven Halls |   2856 |   2811 |     45 |   1064 |   1308 |   2 | 1428.0 |
      Gauntlet |   1055 |   1055 |      0 |    592 |    152 |   1 | 1055.0 |
               +--------+--------+--------+--------+--------+-----+--------+

Top non-repeatable levels by time:
     D:9: 3067 daAuts
  Lair:3: 2613 daAuts
   Orc:2: 1759 daAuts
   Elf:2: 1607 daAuts
    D:15: 1600 daAuts
  Lair:6: 1536 daAuts
    D:13: 1450 daAuts
  Lair:2: 1412 daAuts
     D:7: 1409 daAuts
    D:14: 1374 daAuts
     D:5: 1356 daAuts
    D:12: 1324 daAuts
  Lair:4: 1296 daAuts
   Elf:1: 1248 daAuts
    D:11: 1230 daAuts
